TOP OF THE 1ST |
University of Minnesota Golden Gophers batting - Pitching for University of Oklahoma Sooners : RHP Sam Herrick
|
Pitching: RHP Sam Herrick
|
|
Batting: RHB Jose Garrido
|
0-0: Ball 1-0: Called Strike 1-1: Ball 2-1: Foul Ball, location: 2F 2-2: Ball 3-2: Foul Ball, location: 2F 3-2: Ground out 1-3 (Groundball, 34S, EV 71.9 MPH)
|
Batting: LHB Jose Moncada
|
0-0: Foul Ball, location: 2F 0-1: Ball 1-1: Called Strike 1-2: Ground out U3 (Groundball, 34, EV 86.2 MPH)
|
Batting: RHB Tommy Molinaro
|
0-0: Called Strike 0-1: Swinging Strike 0-2: Ball 1-2: Ball 2-2: Strikes out swinging
|
Top of the 1st over - 0 runs, 0 hits, 0 errors, 0 left on base; University of Minnesota 0 - University of Oklahoma 0 |
BOTTOM OF THE 1ST |
University of Oklahoma Sooners batting - Pitching for University of Minnesota Golden Gophers : LHP Dong-chan Kym
|
Pitching: LHP Dong-chan Kym
|
|
Batting: LHB Alex Benabides
|
0-0: Ball 1-0: Ground out 3-1 (Groundball, 34, EV 84.4 MPH)
|
Batting: LHB Michio Okamoto
|
0-0: Ground out 4-3 (Groundball, 34D, EV 106.9 MPH)
|
Batting: RHB Suk Hahn
|
0-0: Ball 1-0: Called Strike 1-1: Swinging Strike 1-2: Ball 2-2: Ball 3-2: Foul Ball, location: 2F 3-2: Strikes out swinging
|
Bottom of the 1st over - 0 runs, 0 hits, 0 errors, 0 left on base; University of Minnesota 0 - University of Oklahoma 0 |
TOP OF THE 2ND |
University of Minnesota Golden Gophers batting - Pitching for University of Oklahoma Sooners : RHP Sam Herrick
|
Batting: RHB Chang-wei Go
|
0-0: Ball 1-0: Ball 2-0: Ground out 5-3 (Groundball, 56, EV 105.6 MPH)
|
Batting: RHB Chance Koehn
|
0-0: Ground out 5-3 (Groundball, 56, EV 105.6 MPH)
|
Batting: RHB Ron Gooch
|
0-0: SINGLE (Flyball, 89S, EV 88.8 MPH)
|
Batting: RHB Toshio Saiki
|
0-0: Ball Ron Gooch is caught stealing 2nd base 2-4
|
Top of the 2nd over - 0 runs, 1 hit, 0 errors, 0 left on base; University of Minnesota 0 - University of Oklahoma 0 |
BOTTOM OF THE 2ND |
University of Oklahoma Sooners batting - Pitching for University of Minnesota Golden Gophers : LHP Dong-chan Kym
|
Batting: LHB Aaron Hollifield
|
0-0: Called Strike 0-1: Foul Ball, location: 2F 0-2: Ball 1-2: Strikes out swinging
|
Batting: LHB Toby Clark
|
0-0: SINGLE (Flyball, 3D, EV 87.5 MPH)
|
Batting: RHB Sam Mason
|
0-0: Foul Ball, location: 2F 0-1: Swinging Strike 0-2: Foul Ball, location: 2F 0-2: Fly out, F9 (Flyball, 9S, EV 82.5 MPH)
|
Batting: RHB Zach Throsby
|
0-0: Foul Ball, location: 2F 0-1: Swinging Strike 0-2: DOUBLE (Flyball, 8RD, EV 99.4 MPH) Toby Clark to third Runner from 3rd tries for Home, SAFE, throw by CF to home
|
Batting: RHB Jason Higgins
|
0-0: Ball 1-0: Called Strike 1-1: Swinging Strike 1-2: Ball 2-2: Strikes out swinging
|
Bottom of the 2nd over - 1 run, 2 hits, 0 errors, 1 left on base; University of Minnesota 0 - University of Oklahoma 1 |
TOP OF THE 3RD |
University of Minnesota Golden Gophers batting - Pitching for University of Oklahoma Sooners : RHP Sam Herrick
|
Batting: RHB Toshio Saiki
|
0-0: Ground out 4-3 (Groundball, 4, EV 92.5 MPH)
|
Batting: LHB Phil Bonner
|
0-0: Ground out 1-3 (Groundball, 13S, EV 68.8 MPH)
|
Batting: RHB Dave Uttley
|
0-0: Ball 1-0: Ball 2-0: Ball 3-0: Called Strike 3-1: Foul Ball, location: 2F 3-2: Ground out 4-3 (Groundball, 4, EV 88.1 MPH)
|
Top of the 3rd over - 0 runs, 0 hits, 0 errors, 0 left on base; University of Minnesota 0 - University of Oklahoma 1 |
BOTTOM OF THE 3RD |
University of Oklahoma Sooners batting - Pitching for University of Minnesota Golden Gophers : LHP Dong-chan Kym
|
Batting: LHB Tommy Sayles
|
0-0: Ball 1-0: Ground out 1-3 (Groundball, 13S, EV 63.1 MPH)
|
Batting: LHB Alex Benabides
|
0-0: Foul Ball, location: 2F 0-1: SINGLE (Line Drive, 56D, EV 95.6 MPH)
|
Batting: LHB Michio Okamoto
|
0-0: Called Strike 0-1: Ball 1-1: SINGLE (Flyball, 56D, EV 90.0 MPH) Alex Benabides to second
|
Batting: RHB Suk Hahn
|
0-0: Ball 1-0: Ball Wild Pitch! Alex Benabides to third Michio Okamoto to second 2-0: Ball 3-0: Called Strike 3-1: Called Strike 3-2: DOUBLE (Line Drive, 8LXD, EV 104.4 MPH) Alex Benabides scores Michio Okamoto scores
|
Batting: LHB Aaron Hollifield
|
0-0: Ball 1-0: Foul Ball, location: 2F 1-1: Ball Suk Hahn steals 3rd base 2-1: Ground out 1-3 (Groundball, 13S, EV 65.6 MPH)
|
Batting: LHB Toby Clark
|
0-0: Called Strike 0-1: Ball 1-1: Ball 2-1: Ball 3-1: Swinging Strike 3-2: Foul Ball, location: 2F 3-2: Strikes out looking
|
Bottom of the 3rd over - 2 runs, 3 hits, 0 errors, 1 left on base; University of Minnesota 0 - University of Oklahoma 3 |
TOP OF THE 4TH |
University of Minnesota Golden Gophers batting - Pitching for University of Oklahoma Sooners : RHP Sam Herrick
|
Batting: RHB Jose Garrido
|
0-0: Ball 1-0: Ball 2-0: SINGLE (Groundball, 4, EV 101.9 MPH)
|
Batting: LHB Jose Moncada
|
0-0: Grounds into double play, 6-4-3 (Groundball, 6, EV 86.9 MPH)
|
Batting: RHB Tommy Molinaro
|
0-0: Ball 1-0: Ball 2-0: Called Strike 2-1: Fly out, F8 (Flyball, 8LD, EV 101.9 MPH)
|
Top of the 4th over - 0 runs, 1 hit, 0 errors, 0 left on base; University of Minnesota 0 - University of Oklahoma 3 |
BOTTOM OF THE 4TH |
University of Oklahoma Sooners batting - Pitching for University of Minnesota Golden Gophers : LHP Dong-chan Kym
|
Batting: RHB Sam Mason
|
0-0: Called Strike 0-1: Foul Ball, location: 2F 0-2: Foul Ball, location: 2F 0-2: Ball 1-2: Ball 2-2: Fly out, F7 (Flyball, 78S, EV 94.4 MPH)
|
Batting: RHB Zach Throsby
|
0-0: Ball 1-0: Ball 2-0: SINGLE (Groundball, 6MD, EV 94.4 MPH)
|
Batting: RHB Jason Higgins
|
0-0: Ball 1-0: Swinging Strike 1-1: Called Strike 1-2: Foul Ball, location: 2F 1-2: Foul Ball, location: 2F 1-2: Foul Ball, location: 2F 1-2: Ball 2-2: Strikes out swinging
|
Batting: LHB Tommy Sayles
|
0-0: Ball 1-0: Called Strike 1-1: Called Strike 1-2: Fielders Choice at 2nd, 6-4 (Groundball, 6, EV 89.4 MPH)
|
Bottom of the 4th over - 0 runs, 1 hit, 0 errors, 1 left on base; University of Minnesota 0 - University of Oklahoma 3 |
TOP OF THE 5TH |
University of Minnesota Golden Gophers batting - Pitching for University of Oklahoma Sooners : RHP Sam Herrick
|
Now at 2B: Myles Sabine
|
|
Now at 3B: David Stuckey
|
|
Now in LF: Kjeld Leen
|
|
Now in CF: Virgil Wenz
|
|
Batting: RHB Chang-wei Go
|
0-0: SINGLE (Groundball, P, EV 86.9 MPH) (infield hit)
|
Batting: RHB Chance Koehn
|
0-0: SINGLE (Groundball, 56, EV 79.4 MPH) (infield hit) Chang-wei Go to second
|
Batting: RHB Ron Gooch
|
0-0: Foul Ball, location: 2F 0-1: Hit by Pitch Chang-wei Go to third Chance Koehn to second
|
Pinch Hitting: RHB Jian-zhang Zhào
|
0-0: Called Strike 0-1: Swinging Strike 0-2: Strikes out swinging
|
Pinch Hitting: RHB Mike Satterfield
|
0-0: Swinging Strike 0-1: Called Strike 0-2: Foul Ball, location: 2F 0-2: Ball 1-2: Strikes out swinging
|
Pinch Hitting: LHB Gabe Cothron
|
0-0: Called Strike 0-1: Ball 1-1: Ball 2-1: Ball 3-1: GRAND SLAM HOME RUN (Flyball, 9LD, EV 93.8 MPH), Distance : 342 ft
|
Batting: LHB Bobby Agterberg
|
0-0: Swinging Strike 0-1: Ball 1-1: Foul Ball, location: 2F 1-2: Foul Ball, location: 2F 1-2: Ball 2-2: Foul Ball, location: 2F 2-2: Ball 3-2: DOUBLE (Line Drive, 78XD, EV 105.0 MPH)
|
Batting: LHB Jose Moncada
|
0-0: Ball 1-0: Fly out, F8 (Flyball, 8LM, EV 75.6 MPH)
|
Top of the 5th over - 4 runs, 4 hits, 0 errors, 1 left on base; University of Minnesota 4 - University of Oklahoma 3 |
BOTTOM OF THE 5TH |
University of Oklahoma Sooners batting - Pitching for University of Minnesota Golden Gophers : LHP Dong-chan Kym
|
Pitching: RHP John Roebuck
|
|
Now at C: Josh Gifford
|
|
Now at 2B: Farakiko Haunani
|
|
Now at 3B: Jonathan Wallace
|
|
Now in LF: Constant Consalvi
|
|
Now in CF: Chris Rodgers
|
|
Batting: RHB Kjeld Leen
|
0-0: Foul Ball, location: 2F 0-1: Ball 1-1: Ball 2-1: Ball 3-1: Called Strike 3-2: Foul Ball, location: 2F 3-2: Base on Balls
|
Pinch Hitting: LHB Geoff Hudock
|
0-0: Ball 1-0: Ball 2-0: Fly out, F9 (Line Drive, 9, EV 96.2 MPH)
|
Batting: RHB Suk Hahn
|
0-0: Ball 1-0: Ball 2-0: Ground out 6-3 (Groundball, 6M, EV 80.6 MPH) Kjeld Leen to second
|
Batting: RHB David Stuckey
|
0-0: Reached on error, E5 (Groundball, 5S, EV 86.2 MPH) Kjeld Leen to third
|
Batting: RHB Virgil Wenz
|
0-0: Called Strike 0-1: Reached on error, E5 (Groundball, 56S, EV 83.8 MPH) Kjeld Leen scores David Stuckey to third
|
Pinch Hitting: SHB Benedetto Legnano
|
0-0: Called Strike 0-1: Ball 1-1: Ball 2-1: Swinging Strike 2-2: Strikes out swinging
|
Bottom of the 5th over - 1 run, 0 hits, 2 errors, 2 left on base; University of Minnesota 4 - University of Oklahoma 4 |
TOP OF THE 6TH |
University of Minnesota Golden Gophers batting - Pitching for University of Oklahoma Sooners : RHP Sam Herrick
|
Pitching: RHP Andy Cane
|
|
Now at SS: Benedetto Legnano
|
|
Now in RF: Orlando Uribe
|
|
Batting: SHB Chris Rodgers
|
0-0: Foul Ball, location: 2F 0-1: Foul Ball, location: 2F 0-2: Strikes out looking
|
Pinch Hitting: RHB Roy Evenden
|
0-0: Called Strike 0-1: Ball 1-1: Called Strike 1-2: Ball 2-2: Strikes out looking
|
Batting: RHB Josh Gifford
|
0-0: Ball 1-0: Called Strike 1-1: Ball 2-1: Swinging Strike 2-2: Foul Ball, location: 2F 2-2: Strikes out swinging
|
Top of the 6th over - 0 runs, 0 hits, 0 errors, 0 left on base; University of Minnesota 4 - University of Oklahoma 4 |
BOTTOM OF THE 6TH |
University of Oklahoma Sooners batting - Pitching for University of Minnesota Golden Gophers : RHP John Roebuck
|
Now in RF: Roy Evenden
|
|
Batting: RHB Myles Sabine
|
0-0: Ball 1-0: Ball 2-0: Ball 3-0: Called Strike 3-1: Foul Ball, location: 2F 3-2: Ground out 1-3 (Groundball, 13S, EV 66.9 MPH)
|
Batting: RHB Jason Higgins
|
0-0: Ball 1-0: Called Strike 1-1: Foul Ball, location: 2F 1-2: Strikes out looking
|
Pinch Hitting: RHB Sugiarto Kartosuwiryo
|
0-0: Ball 1-0: Ball 2-0: Ball 3-0: Called Strike 3-1: Base on Balls
|
Batting: RHB Kjeld Leen
|
0-0: Ball 1-0: Ground out 5-3 (Groundball, 56S, EV 88.8 MPH)
|
Bottom of the 6th over - 0 runs, 0 hits, 0 errors, 1 left on base; University of Minnesota 4 - University of Oklahoma 4 |
TOP OF THE 7TH |
University of Minnesota Golden Gophers batting - Pitching for University of Oklahoma Sooners : RHP Andy Cane
|
Pitching: RHP Adam Alioto
|
|
Now at C: Nelson Morales
|
|
Now at 1B: Sugiarto Kartosuwiryo
|
|
Pinch Hitting: RHB Tatsuyoshi Ikeda
|
0-0: Fly out, F9 (Flyball, 89M, EV 91.2 MPH)
|
Batting: RHB Farakiko Haunani
|
0-0: Called Strike 0-1: Foul Ball, location: 2F 0-2: Ball 1-2: Ball 2-2: Strikes out looking
|
Batting: LHB Constant Consalvi
|
0-0: Foul Ball, location: 2F 0-1: Foul Ball, location: 2F 0-2: Ground out U3 (Groundball, 3, EV 100.6 MPH)
|
Top of the 7th over - 0 runs, 0 hits, 0 errors, 0 left on base; University of Minnesota 4 - University of Oklahoma 4 |
BOTTOM OF THE 7TH |
University of Oklahoma Sooners batting - Pitching for University of Minnesota Golden Gophers : RHP John Roebuck
|
Pitching: RHP Mike Binns
|
|
Now at SS: Tatsuyoshi Ikeda
|
|
Batting: SHB Orlando Uribe
|
0-0: Called Strike 0-1: Called Strike 0-2: Reached on error, E6 (Groundball, 6, EV 85.0 MPH)
|
Batting: RHB Alex Perez
|
0-0: Ball 1-0: Ball Orlando Uribe steals 2nd base 2-0: Ball 3-0: Base on Balls
|
Batting: RHB David Stuckey
|
0-0: Swinging Strike 0-1: Ball 1-1: Called Strike 1-2: Ball 2-2: Strikes out swinging
|
Pinch Hitting: LHB Jon Terrones
|
0-0: Called Strike 0-1: Foul Ball, location: 2F 0-2: Ball 1-2: Ball 2-2: Ball 3-2: Foul Ball, location: 2F 3-2: Base on Balls Orlando Uribe to third Alex Perez to second
|
Batting: SHB Benedetto Legnano
|
0-0: Called Strike 0-1: Ball 1-1: Called Strike 1-2: Foul Ball, location: 2F 1-2: Grounds into fielders choice 4-2 (Groundball, 4, EV 103.8 MPH) Alex Perez to third Jon Terrones to second
|
Pinch Hitting: LHB Pedro Marrero
|
0-0: Ball 1-0: Fly out, F6 (Popup, 6, EV 62.5 MPH)
|
Bottom of the 7th over - 0 runs, 0 hits, 1 error, 3 left on base; University of Minnesota 4 - University of Oklahoma 4 |
TOP OF THE 8TH |
University of Minnesota Golden Gophers batting - Pitching for University of Oklahoma Sooners : RHP Adam Alioto
|
Pitching: RHP Noboru Kamai
|
|
Now at 2B: Mike Blehm
|
|
Now in LF: Pedro Marrero
|
|
Now in CF: Kjeld Leen
|
|
Pinch Hitting: RHB Jason Mooris
|
0-0: Ground out 4-3 (Groundball, 4, EV 107.5 MPH)
|
Batting: LHB Bobby Agterberg
|
0-0: Fly out, F8 (Flyball, 78M, EV 92.5 MPH)
|
Pitching: LHP Bruce Chapman
|
|
Pinch Hitting: RHB Ritter Naehr
|
0-0: Ball 1-0: SINGLE (Groundball, 56S, EV 60.0 MPH) (infield hit)
|
Pitching: RHP Earl Freeman
|
|
Batting: SHB Chris Rodgers
|
0-0: Ball 1-0: Ball 2-0: Ball 3-0: Called Strike 3-1: Foul Ball, location: 2F 3-2: Fly out, F9 (Line Drive, 9, EV 100.6 MPH)
|
Top of the 8th over - 0 runs, 1 hit, 0 errors, 1 left on base; University of Minnesota 4 - University of Oklahoma 4 |
BOTTOM OF THE 8TH |
University of Oklahoma Sooners batting - Pitching for University of Minnesota Golden Gophers : RHP Mike Binns
|
Pitching: LHP Hidehiro Kanno
|
|
Now at 1B: Scott Rose
|
|
Now at 3B: Ritter Naehr
|
|
Pinch Hitting: RHB Ultse van den Hazel
|
0-0: Foul Ball, location: 2F 0-1: Swinging Strike 0-2: Strikes out looking
|
Batting: RHB Sugiarto Kartosuwiryo
|
0-0: Ball 1-0: Ball 2-0: Called Strike 2-1: Called Strike 2-2: Ball 3-2: Foul Ball, location: 2F 3-2: Foul Ball, location: 2F 3-2: Strikes out looking
|
Batting: RHB Kjeld Leen
|
0-0: Ball 1-0: Called Strike 1-1: Ball 2-1: Called Strike 2-2: Ball 3-2: Base on Balls
|
Batting: SHB Orlando Uribe
|
0-0: Ball Kjeld Leen steals 2nd, throwing error, E2 Kjeld Leen to third 1-0: Ground out 2-3 (Groundball, 2L, EV 66.9 MPH)
|
Bottom of the 8th over - 0 runs, 0 hits, 1 error, 1 left on base; University of Minnesota 4 - University of Oklahoma 4 |
TOP OF THE 9TH |
University of Minnesota Golden Gophers batting - Pitching for University of Oklahoma Sooners : RHP Earl Freeman
|
Pitching: RHP Ignacio Belloli
|
|
Now at C: Ben Gappa
|
|
Batting: RHB Roy Evenden
|
0-0: Called Strike 0-1: Swinging Strike 0-2: Ball 1-2: Foul Ball, location: 2F 1-2: Strikes out looking
|
Pinch Hitting: RHB Chris Gant
|
0-0: Called Strike 0-1: Foul Ball, location: 2F 0-2: Strikes out looking
|
Batting: RHB Tatsuyoshi Ikeda
|
0-0: Called Strike 0-1: Ball 1-1: Foul Ball, location: 2F 1-2: Foul Ball, location: 2F 1-2: Ball 2-2: Ball 3-2: Strikes out swinging
|
Top of the 9th over - 0 runs, 0 hits, 0 errors, 0 left on base; University of Minnesota 4 - University of Oklahoma 4 |
BOTTOM OF THE 9TH |
University of Oklahoma Sooners batting - Pitching for University of Minnesota Golden Gophers : LHP Hidehiro Kanno
|
Pitching: RHP Neel de Graaf
|
|
Now at C: Curt Perez
|
|
Batting: RHB Alex Perez
|
0-0: Ball 1-0: Ball 2-0: Called Strike 2-1: Ball 3-1: Ground out 5-3 (Groundball, 56, EV 83.8 MPH)
|
Batting: RHB David Stuckey
|
0-0: Ground out 3-1 (Groundball, 34, EV 84.4 MPH)
|
Batting: RHB Mike Blehm
|
0-0: Ball 1-0: Called Strike 1-1: Ground out 5-3 (Groundball, 56S, EV 85.6 MPH)
|
Bottom of the 9th over - 0 runs, 0 hits, 0 errors, 0 left on base; University of Minnesota 4 - University of Oklahoma 4 |
TOP OF THE 10TH |
University of Minnesota Golden Gophers batting - Pitching for University of Oklahoma Sooners : RHP Ignacio Belloli
|
Pitching: RHP Alex Mendoza
|
|
Batting: RHB Farakiko Haunani
|
0-0: SINGLE (Line Drive, 6M, EV 115.0 MPH)
|
Batting: LHB Constant Consalvi
|
0-0: Foul Ball, location: 2F 0-1: Ball 1-1: Called Strike 1-2: Ball 2-2: Strikes out swinging
|
Batting: RHB Scott Rose
|
0-0: Ball 1-0: Ball 2-0: Ball 3-0: Called Strike 3-1: Foul Ball, location: 2F 3-2: DOUBLE (Line Drive, 9LS, EV 101.9 MPH) Farakiko Haunani to third
|
Batting: LHB Bobby Agterberg
|
0-0: Intentional Walk
|
Batting: RHB Ritter Naehr
|
0-0: Ball 1-0: Ball 2-0: Called Strike 2-1: Fly out, F8 (Flyball, 8RM, EV 80.0 MPH) Runner from 3rd tags up, OUT at HOME! 8-2
|
Top of the 10th over - 0 runs, 2 hits, 0 errors, 2 left on base; University of Minnesota 4 - University of Oklahoma 4 |
BOTTOM OF THE 10TH |
University of Oklahoma Sooners batting - Pitching for University of Minnesota Golden Gophers : RHP Neel de Graaf
|
Pitching: LHP Baden Trevelyan
|
|
Batting: SHB Benedetto Legnano
|
0-0: Ball 1-0: Called Strike 1-1: Fly out, F9 (Flyball, 89M, EV 78.1 MPH)
|
Batting: LHB Pedro Marrero
|
0-0: Foul Ball, location: 2F 0-1: Called Strike 0-2: Strikes out looking
|
Batting: RHB Ben Gappa
|
0-0: Foul Ball, location: 2F 0-1: Foul Ball, location: 2F 0-2: SINGLE (Groundball, 6MD, EV 94.4 MPH)
|
Batting: RHB Sugiarto Kartosuwiryo
|
0-0: Fly out, F7 (Flyball, 78D, EV 91.2 MPH)
|
Bottom of the 10th over - 0 runs, 1 hit, 0 errors, 1 left on base; University of Minnesota 4 - University of Oklahoma 4 |
TOP OF THE 11TH |
University of Minnesota Golden Gophers batting - Pitching for University of Oklahoma Sooners : RHP Alex Mendoza
|
Pitching: RHP Matthew Sax
|
|
Batting: SHB Chris Rodgers
|
0-0: Ball 1-0: Swinging Strike 1-1: Ball 2-1: Ground out 5-3 (Groundball, 56S, EV 88.1 MPH)
|
Batting: RHB Roy Evenden
|
0-0: Ball 1-0: Called Strike 1-1: Called Strike 1-2: Foul Ball, location: 2F 1-2: Ball 2-2: Ball 3-2: Ground out 6-3 (Groundball, 6, EV 86.2 MPH)
|
Batting: RHB Curt Perez
|
0-0: Ball 1-0: Foul Ball, location: 2F 1-1: Ball 2-1: Ground out 6-3 (Groundball, 6, EV 88.8 MPH)
|
Top of the 11th over - 0 runs, 0 hits, 0 errors, 0 left on base; University of Minnesota 4 - University of Oklahoma 4 |
BOTTOM OF THE 11TH |
University of Oklahoma Sooners batting - Pitching for University of Minnesota Golden Gophers : LHP Baden Trevelyan
|
Pitching: LHP Kadidu Kiprotich
|
|
Batting: RHB Kjeld Leen
|
0-0: Fly out, F9 (Flyball, 89D, EV 95.0 MPH)
|
Pinch Hitting: RHB Danny Ortiz
|
0-0: Ball 1-0: Ball 2-0: Ball 3-0: Called Strike 3-1: Called Strike 3-2: Strikes out swinging
|
Batting: RHB Timmy Lightfoot
|
0-0: Called Strike 0-1: Ball 1-1: Swinging Strike 1-2: Fly out, F8 (Flyball, 8LD, EV 88.8 MPH)
|
Bottom of the 11th over - 0 runs, 0 hits, 0 errors, 0 left on base; University of Minnesota 4 - University of Oklahoma 4 |
TOP OF THE 12TH |
University of Minnesota Golden Gophers batting - Pitching for University of Oklahoma Sooners : RHP Matthew Sax
|
Pitching: LHP Chris Taggart
|
|
Now in LF: Danny Ortiz
|
|
Now in RF: Pedro Marrero
|
|
Batting: RHB Tatsuyoshi Ikeda
|
0-0: Ball 1-0: Foul Ball, location: 2F 1-1: Ball 2-1: Ball 3-1: Swinging Strike 3-2: Strikes out swinging
|
Batting: RHB Farakiko Haunani
|
0-0: Called Strike 0-1: Called Strike 0-2: Foul Ball, location: 2F 0-2: Ball 1-2: Strikes out swinging
|
Batting: LHB Constant Consalvi
|
0-0: Ball 1-0: Called Strike 1-1: SINGLE (Groundball, 6MS, EV 63.8 MPH) (infield hit)
|
Batting: RHB Scott Rose
|
0-0: Ball 1-0: Called Strike 1-1: Foul Ball, location: 2F 1-2: Ball 2-2: Strikes out looking
|
Top of the 12th over - 0 runs, 1 hit, 0 errors, 1 left on base; University of Minnesota 4 - University of Oklahoma 4 |
BOTTOM OF THE 12TH |
University of Oklahoma Sooners batting - Pitching for University of Minnesota Golden Gophers : LHP Kadidu Kiprotich
|
Pitching: RHP Enakai Moritiica
|
|
Batting: RHB David Stuckey
|
0-0: Ground out 3-1 (Groundball, 34, EV 91.9 MPH)
|
Batting: RHB Mike Blehm
|
0-0: Foul Ball, location: 2F 0-1: Ball 1-1: DOUBLE (Line Drive, 3D, EV 94.4 MPH)
|
Batting: SHB Benedetto Legnano
|
0-0: Ball 1-0: Called Strike 1-1: Ground out 4-3 (Groundball, 4M, EV 85.6 MPH) Mike Blehm to third
|
Batting: LHB Pedro Marrero
|
0-0: Intentional Walk
|
Batting: RHB Ben Gappa
|
0-0: Ground out 6-3 (Groundball, 6S, EV 63.1 MPH)
|
Bottom of the 12th over - 0 runs, 1 hit, 0 errors, 2 left on base; University of Minnesota 4 - University of Oklahoma 4 |
TOP OF THE 13TH |
University of Minnesota Golden Gophers batting - Pitching for University of Oklahoma Sooners : LHP Chris Taggart
|
Pitching: LHP Jeff Bruggeman
|
|
Batting: LHB Bobby Agterberg
|
0-0: Ball 1-0: Foul Ball, location: 2F 1-1: Ball 2-1: Ball 3-1: Base on Balls
|
Batting: RHB Ritter Naehr
|
0-0: Ball 1-0: Fielders Choice at 2nd, 6-4 (Groundball, 6, EV 95.6 MPH)
|
Batting: SHB Chris Rodgers
|
0-0: Fielders Choice at 2nd, 6-4 (Groundball, 6, EV 88.1 MPH)
|
Batting: RHB Roy Evenden
|
Pickoff Throw to First - Out! 1-3
|
Top of the 13th over - 0 runs, 0 hits, 0 errors, 0 left on base; University of Minnesota 4 - University of Oklahoma 4 |
BOTTOM OF THE 13TH |
University of Oklahoma Sooners batting - Pitching for University of Minnesota Golden Gophers : RHP Enakai Moritiica
|
Pitching: RHP Jin Guan
|
|
Batting: RHB Sugiarto Kartosuwiryo
|
0-0: Called Strike 0-1: Ball 1-1: Swinging Strike 1-2: Ball 2-2: Foul Ball, location: 2F 2-2: Foul Ball, location: 2F 2-2: Strikes out swinging
|
Batting: RHB Kjeld Leen
|
0-0: Called Strike 0-1: Foul Ball, location: 2F 0-2: Ball 1-2: Ball 2-2: Strikes out looking
|
Batting: RHB Danny Ortiz
|
0-0: Called Strike 0-1: Called Strike 0-2: Ball 1-2: Foul Ball, location: 2F 1-2: Strikes out swinging
|
Bottom of the 13th over - 0 runs, 0 hits, 0 errors, 0 left on base; University of Minnesota 4 - University of Oklahoma 4 |
TOP OF THE 14TH |
University of Minnesota Golden Gophers batting - Pitching for University of Oklahoma Sooners : LHP Jeff Bruggeman
|
Pitching: LHP Keith Brushett
|
|
Batting: RHB Roy Evenden
|
0-0: Swinging Strike 0-1: Called Strike 0-2: Strikes out swinging
|
Batting: RHB Curt Perez
|
0-0: Foul Ball, location: 2F 0-1: Ball 1-1: Swinging Strike 1-2: Ball 2-2: Strikes out swinging
|
Batting: RHB Tatsuyoshi Ikeda
|
0-0: Called Strike 0-1: Ball 1-1: SINGLE (Groundball, 56, EV 107.5 MPH)
|
Batting: RHB Farakiko Haunani
|
0-0: Ball 1-0: Ball Tatsuyoshi Ikeda steals 2nd base 2-0: Intentional Walk
|
Batting: LHB Constant Consalvi
|
0-0: Called Strike 0-1: SINGLE (Groundball, 34D, EV 98.1 MPH) Tatsuyoshi Ikeda to third Farakiko Haunani to second Runner from 3rd tries for Home, throw by RF and OUT! 9-2
|
Top of the 14th over - 0 runs, 2 hits, 0 errors, 2 left on base; University of Minnesota 4 - University of Oklahoma 4 |
BOTTOM OF THE 14TH |
University of Oklahoma Sooners batting - Pitching for University of Minnesota Golden Gophers : RHP Jin Guan
|
Pitching: LHP Matt Wooldridge
|
|
Batting: RHB Timmy Lightfoot
|
0-0: Called Strike 0-1: Called Strike 0-2: Strikes out swinging
|
Batting: RHB David Stuckey
|
0-0: Called Strike 0-1: Ball 1-1: Foul Ball, location: 2F 1-2: Ball 2-2: Strikes out swinging
|
Batting: RHB Mike Blehm
|
0-0: Called Strike 0-1: Fly out, F9 (Line Drive, 9, EV 106.2 MPH)
|
Bottom of the 14th over - 0 runs, 0 hits, 0 errors, 0 left on base; University of Minnesota 4 - University of Oklahoma 4 |
TOP OF THE 15TH |
University of Minnesota Golden Gophers batting - Pitching for University of Oklahoma Sooners : LHP Keith Brushett
|
Pitching: RHP Mike Lofgren
|
|
Batting: RHB Scott Rose
|
0-0: SINGLE (Groundball, 4MD, EV 103.8 MPH)
|
Batting: LHB Bobby Agterberg
|
0-0: Bunted foul 0-1: Sac Bunt to 13S - play at first, batter OUT! 1-4 Scott Rose to second
|
Batting: RHB Ritter Naehr
|
0-0: Fly out, F4 (Popup, 4, EV 51.2 MPH)
|
Batting: SHB Chris Rodgers
|
0-0: Intentional Walk
|
Batting: RHB Roy Evenden
|
0-0: Ball 1-0: Ball 2-0: Called Strike 2-1: Foul Ball, location: 2F 2-2: Foul Ball, location: 2F 2-2: Ball 3-2: Strikes out swinging
|
Top of the 15th over - 0 runs, 1 hit, 0 errors, 2 left on base; University of Minnesota 4 - University of Oklahoma 4 |
BOTTOM OF THE 15TH |
University of Oklahoma Sooners batting - Pitching for University of Minnesota Golden Gophers : LHP Matt Wooldridge
|
Pitching: LHP Bing-zhong Sung
|
|
Batting: SHB Benedetto Legnano
|
0-0: Ball 1-0: Foul Ball, location: 2F 1-1: Foul Ball, location: 2F 1-2: Ball 2-2: Ground out 5-3 (Groundball, 5, EV 106.2 MPH)
|
Batting: LHB Pedro Marrero
|
0-0: Ball 1-0: Foul Ball, location: 2F 1-1: Swinging Strike 1-2: SINGLE (Groundball, 6M, EV 104.4 MPH) (infield hit)
|
Batting: RHB Ben Gappa
|
0-0: Ball 1-0: Sac Bunt to 15S - play at first, batter OUT! 1-3 Pedro Marrero to second
|
Batting: RHB Sugiarto Kartosuwiryo
|
0-0: Called Strike 0-1: Swinging Strike 0-2: Strikes out swinging
|
Bottom of the 15th over - 0 runs, 1 hit, 0 errors, 1 left on base; University of Minnesota 4 - University of Oklahoma 4 |
TOP OF THE 16TH |
University of Minnesota Golden Gophers batting - Pitching for University of Oklahoma Sooners : RHP Mike Lofgren
|
Pitching: RHP Jose Merced
|
|
Batting: RHB Curt Perez
|
0-0: Ball 1-0: Ground out 6-3 (Groundball, 6M, EV 87.5 MPH)
|
Batting: RHB Tatsuyoshi Ikeda
|
0-0: Foul Ball, location: 2F 0-1: Fly out, F9 (Flyball, 89S, EV 86.2 MPH)
|
Batting: RHB Farakiko Haunani
|
0-0: Ball 1-0: Foul Ball, location: 2F 1-1: Ball 2-1: Foul Ball, location: 2F 2-2: Ball 3-2: Foul Ball, location: 2F 3-2: Base on Balls
|
Batting: LHB Constant Consalvi
|
0-0: DOUBLE (Flyball, 78D, EV 98.1 MPH) Farakiko Haunani to third Runner from 3rd tries for Home, SAFE, throw by CF to home
|
Batting: RHB Scott Rose
|
0-0: Ball 1-0: Ball 2-0: Ball 3-0: Called Strike 3-1: Foul Ball, location: 2F 3-2: Strikes out looking
|
Top of the 16th over - 1 run, 1 hit, 0 errors, 1 left on base; University of Minnesota 5 - University of Oklahoma 4 |
BOTTOM OF THE 16TH |
University of Oklahoma Sooners batting - Pitching for University of Minnesota Golden Gophers : LHP Bing-zhong Sung
|
Pitching: RHP Adam Wickwire
|
|
Batting: RHB Kjeld Leen
|
0-0: Ball 1-0: Ball 2-0: Ball 3-0: Called Strike 3-1: Foul Ball, location: 2F 3-2: Base on Balls
|
Batting: RHB Danny Ortiz
|
0-0: Sac Bunt to 13S - play at first, batter OUT! 1-3 Kjeld Leen to second
|
Batting: RHB Timmy Lightfoot
|
0-0: Called Strike 0-1: Foul Ball, location: 2F 0-2: Strikes out swinging
|
Batting: RHB David Stuckey
|
0-0: Ball 1-0: Ball 2-0: Called Strike 2-1: Swinging Strike 2-2: Strikes out looking
|
Bottom of the 16th over - 0 runs, 0 hits, 0 errors, 1 left on base; University of Minnesota 5 - University of Oklahoma 4 |
|